 Dungeon Crawl Stone Soup version 0.27.1-3-gb3d3a73c9e (webtiles) character file.

Game seed: 5345294328588632923

191 pkoi the Ruffian (level 5, 0/48 HPs)
             Began as a Troll Gladiator on Oct 14, 2021.
             Slain by a wight (11 damage)
             ... on level 2 of the Dungeon.
             The game lasted 00:03:02 (1261 turns).

pkoi the Ruffian (Troll Gladiator)                  Turns: 1261, Time: 00:03:02

Health: 0/48       AC:  4    Str: 23    XL:     5   Next: 42%
Magic:  4/4        EV: 10    Int:  4    God:
Gold:   52         SH:  0    Dex: 11    Spells: 4/4 levels left

rFire    . . .     SeeInvis .     - Unarmed
rCold    . . .     Faith    .   (no shield)
rNeg     . . .     Spirit   .   a - +0 robe
rPois    .         Reflect  .   b - +0 hat
rElec    .         Harm     .   (no cloak)
rCorr    .         Rampage  .   (gloves unavailable)
Will     .....                  (boots unavailable)
Stlth    +.........             (no amulet)
HPRegen  1.16/turn              (no ring)
MPRegen  0.09/turn              (no ring)

@: no status effects
A: large, unfitting armour, claws 3, regeneration 1, shaggy fur 1, tough skin 1
a: no special abilities


You were on level 2 of the Dungeon.
You visited 1 branch of the dungeon, and saw 3 of its levels.

You collected 52 gold pieces.

Inventory:

Missiles
 c - 3 throwing nets (quivered)
Armour
 a - a +0 robe (worn)
 b - a +0 hat (worn)
Jewellery
 d - a ring of magical power
 f - a +6 ring of strength
Wands
 l - a wand of mindburst (7)
Scrolls
 g - a scroll of blinking {unknown}
 k - a scroll of amnesia {unknown}
Potions
 e - a potion of invisibility {unknown}
 h - a potion of haste {unknown}
 i - a potion of might {unknown}
 j - a potion of degeneration {unknown}


   Skills:
 - Level 1.5 Fighting
 - Level 1.7 Throwing
 - Level 2.4 Dodging
 + Level 6.2 Unarmed Combat


You had 4 spell levels left.
You didn't know any spells.
Your spell library contained the following spells:

 Spells                   Type           Power      Damage    Failure   Level
 Sandblast                Erth           0%         2d4       50%         1
 Passwall                 Tmut/Erth      0%         N/A       65%         2
 Lee's Rapid Deconstruct  Erth           0%         3d5*      100%        5


Dungeon Overview and Level Annotations

Branches:
Dungeon (3/15)

Altars:


Innate Abilities, Weirdness & Mutations

You are too large for most types of armour.
You have claws for hands.
Your natural rate of healing is unusually fast.
You are covered in fur. (AC +1)
You have tough skin. (AC +1)


Message History

The wight is moderately damaged.
The wight misses you.
You scratch the wight but do no damage.
The wight is moderately damaged.
The wight barely misses you.
You claw the wight!
You destroy the wight!
Your life force feels restored.
You have reached level 5!
You closely miss the wight.
The wight hits you with a +0 great sword.
You claw the wight!
The wight is almost destroyed.
The wight hits you with a +0 great sword!
You feel drained.
You scratch the wight.
You destroy the wight!
Your life force feels restored.
Your Unarmed Combat skill increases to level 6!
You now have 52 gold pieces (gained 13).
Items here: )) [[.
You start resting.
HP restored.
Done exploring.
Done exploring.
(D) Dungeon
Where to? (? - help)
There is a stone staircase leading down here.
You climb downwards.
The wight hits you with a +4 war axe! The wight barely misses you.
The wight hits you with a +4 war axe.
There is a stone staircase leading up, spattered with blood here.
The wight hits you with a +3 long sword!
* * * LOW HITPOINT WARNING * * *
The wight hits you with a +4 war axe!
* * * LOW HITPOINT WARNING * * *
The wight completely misses you.
You climb upwards.
There is a stone staircase leading down here.
The wight hits you with a +4 war axe!
You die...

#####..# #.##### #
#..# #.....# #
#..########.# #
#####....# #.# #
#.<.#.##.# #.# #
.###..##.# #.# ##
##.##.######.# ### #
#.........zz###
##.## ##
##..........z@.#
##.#.##
.###.###.########.#
##### #.###(. #...##
#.#
##.###...####.#.##
##### #)#
#...##.#....†...#
#†#
###.#.##.#..###...##
#.#
#...#....#..........
#.#
#.#####.....########
#.#####...#.....###
#........)#...#.#


You could see 3 wights.

Vanquished Creatures
  2 wights (D:2)
  A bullfrog zombie (D:3)
  4 gnolls (D:2)
  A worm (D:2)
  A dart slug (D:1)
  4 ball pythons
  2 endoplasms
  3 goblins
  2 hobgoblins (D:1)
  2 jackals (D:3)
  3 quokkas
  4 bats
  2 frilled lizards (D:1)
  3 kobolds
  3 rats (D:2)
37 creatures vanquished.

Notes
Turn   | Place    | Note
-------+----------+-------------------------------------------
     0 | D:1      | pkoi the Troll Gladiator began the quest for the Orb.
     0 | D:1      | Reached XP level 1. HP: 19/19 MP: 0/0
   121 | D:1      | Reached XP level 2. HP: 27/27 MP: 1/1
   267 | D:1      | Reached skill level 4 in Unarmed Combat
   759 | D:2      | Reached XP level 3. HP: 33/33 MP: 2/2
   978 | D:2      | Found a faded altar of an unknown god.
   982 | D:2      | Reached skill level 5 in Unarmed Combat
   982 | D:2      | Reached XP level 4. HP: 32/41 MP: 3/3
  1227 | D:2      | Reached XP level 5. HP: 46/48 MP: 4/4
  1230 | D:2      | Reached skill level 6 in Unarmed Combat
  1261 | D:2      | Slain by a wight

Illustrated notes

Levels and vault maps discovered:
D:1:      tarquinn_simple_flora_water_c, layout_basic
D:2:      kennysheep_big_flooded_room, layout_loops_ring,
          hellmonk_ecumenical_altar_inner_sanctum
D:3:      layout_loops_ring, mainiacjoe_overflow_tiny_flanked,
          fedhas_ov_isle_minmay, kennysheep_path_1, patterned_corridor,
          uniq_grinder, uniq_crazy_yiuf_cottage

Skill      XL: |  1  2  3  4  5 |
---------------+----------------+-----
Unarmed Combat | 4 5 6 |  6.2
Fighting       | |  1.5
Throwing       | |  1.7
Dodging        | |  2.4

Action                   |  1- 3 |  4- 6 || total
-------------------------+-------+-------++-------
Melee: Unarmed           |    65 |    25 ||    90
       Punch             |     2 |       ||     2
 Stab: Sleeping          |     1 |       ||     1
Armor: Robe              |    12 |     6 ||    18
Dodge: Dodged            |    24 |    23 ||    47
